 Dungeon Crawl Stone Soup version 0.31-a0-1591-g515db51633 (webtiles) character file.

Game seed: 15558873056248493021

195 monsoonserge the Caller (level 5, -1/36 HPs)
             Began as a Barachi Summoner on Jan 7, 2024.
             Slain by Duvessa
             ... wielding a +0 short sword
              (10 damage)
             ... on level 4 of the Dungeon.
             The game lasted 00:12:27 (2552 turns).

monsoonserge the Caller (Barachi Summoner)          Turns: 2552, Time: 00:12:28

Health: -1/36      AC:  4    Str:  6 (9)  XL:     5   Next: 74%
Magic:  9/9        EV: 11    Int: 15 (18) God:
Gold:   206        SH:  4    Dex: 15 (18) Spells: 3/10 levels left

rFire   . . .        p - +5 Force Lance {heavy, knockback}
rCold   . . .        j - +0 buckler
rNeg    . . .        c - +0 leather armour
rPois   .            i - +0 helmet
rElec   .            (no cloak)
rCorr   .            (no gloves)
SInv    .            (no boots)
Will    +....        e - amulet of magic regeneration
Stlth   ++           d - ring of willpower
HPRegen 0.26/turn    l - +6 ring of dexterity
MPRegen 0.51/turn

%: no passive effects
@: unable to hop, unable to call your familiar, slow
A: amphibious, slowness 1, strong legs 1, +LOS
a: Hop


You were on level 4 of the Dungeon.
You visited 1 branch of the dungeon, and saw 4 of its levels.

You collected 206 gold pieces.

Inventory:

Hand Weapons
 k - a +0 long sword
 p - the +5 Force Lance (weapon) {heavy, knockback}
   (You found it on level 2 of the Dungeon)
Missiles
 r - 3 javelins
 v - 3 atropa-tipped darts
Armour
 a - a +0 robe
 c - a +0 leather armour (worn)
 i - a +0 helmet (worn)
 j - a +0 buckler (worn)
 B - the +7 ice dragon scales of the Tick {+Blink rF- rC++ Will+ Str-4}
   (You found it on level 3 of the Dungeon)

   Str-4:     It affects your strength (-4).
   rF-:       It makes you vulnerable to fire.
   rC++:      It greatly protects you from cold.
   Will+:     It increases your willpower.
   +Blink:    It lets you blink.
Jewellery
 d - a ring of willpower (left hand)
 e - an amulet of magic regeneration (around neck)
 l - a +6 ring of dexterity (right hand)
 m - a ring of see invisible
 s - a ring of protection from fire
Wands
 q - a wand of flame (21)
Scrolls
 f - 2 scrolls of blinking {unknown}
 g - 4 scrolls of identify {unknown}
 h - 3 scrolls of teleportation {unknown}
 o - a scroll of amnesia {unknown}
 w - a scroll of noise {unknown}
 y - a scroll of fear {unknown}
Potions
 b - a potion of magic
 n - a potion of degeneration
 t - a potion of lignification {unknown}
 u - a potion of ambrosia {unknown}
 x - a potion of heal wounds
 z - a potion of berserk rage {unknown}
 A - 2 potions of haste {unknown}


   Skills:
 + Level 0.7 Fighting
 + Level 1.0(1.1) Short Blades
 - Level 0.5(1.0) Long Blades
 + Level 0.3 Polearms
 * Level 2.6 Armour
 + Level 2.5 Dodging
 + Level 1.9 Stealth
 * Level 1.1 Shields
 + Level 0.2 Unarmed Combat
 + Level 3.0 Spellcasting
 + Level 5.7 Summonings
 * Level 1.9 Ice Magic


You had 3 spell levels left.
You knew the following spells:

 Your Spells              Type           Power      Damage    Failure   Level
a - Summon Small Mammal   Summ           76%        N/A       4%          1
b - Call Canine Familiar  Summ           19%        N/A       16%         3
c - Summon Ice Beast      Ice/Summ       13%        N/A       32%         3

Your spell library contained the following spells:

 Spells                   Type           Power      Damage    Failure   Level
 Call Imp                 Summ           38%        N/A       8%          2
 Apportation              Tloc           4%         N/A       47%         1
 Necrotise                Necr           8%         1d4       47%         1
 Sting                    Conj/Alch      8%         1d3       47%         1
 Lesser Beckoning         Tloc           4%         N/A       63%         2
 Momentum Strike          Conj/Tloc      4%         3d8       63%         2
 Hailstorm                Conj/Ice       5%         3d5       73%         3
 Gell's Gravitas          Tloc           2%         N/A       85%         3
 Teleport Other           Tloc           2%         N/A       85%         3
 Summon Blazeheart Golem  Fire/Summ      10%        N/A       86%         4
 Summon Lightning Spire   Summ/Air       10%        N/A       86%         4
 Summon Mana Viper        Hex/Summ       10%        N/A       99%         5
 Sculpt Simulacrum        Ice/Alch       2%         N/A       100%        6
 Monstrous Menagerie      Summ           9%         N/A       100%        7


Dungeon Overview and Level Annotations

Branches:
Dungeon (4/15)
 Temple: D:4-7

Altars:

Shops:
D:2 [

Annotations:
D:4 Dowan, Duvessa, Eustachio


Innate Abilities, Weirdness & Mutations

You are amphibious.
You cover ground slowly.
You can hop short distances.
You have an extended range of vision and can be seen from far away.


Message History

Press: ? - help, Dir - move target, f/p - Dowan
Aim: Dowan, wielding a +0 dagger and wearing a +0 robe (about 40% to evade the +5 Force Lance)
You reach to attack!
You closely miss Dowan. Something hits your inugami!
Your inugami dies!
Your inugami disappears in a puff of smoke!
The giant cockroach barely misses you.
Reach: p) +5 Force Lance {heavy, knockback}
Press: ? - help, Dir - move target, f - Duvessa
Aim: Duvessa, wielding a +0 short sword and wearing a +0 ring mail (fast, about 26% to evade the +5 Force Lance)
The giant cockroach is in the way.
You puncture the giant cockroach!
You kill the giant cockroach!
An orc comes into view. It is wielding a +0 hand axe.
You block the orc priest's attack.
Reach: p) +5 Force Lance {heavy, knockback}
Press: ? - help, Dir - move target, f - Dowan
Aim: Dowan, wielding a +0 dagger and wearing a +0 robe (about 40% to evade the +5 Force Lance)
You reach to attack!
You barely miss Dowan.
The orc shouts!
You hear a shout! x2
Dowan casts a spell.
Dowan blinks!
Dowan points at you and mumbles some strange words.
The puff of frost hits you!
The orc priest invokes the aid of Beogh against you.
You resist with some effort.
A gnoll comes into view. It is wielding a +0 spear.
Okay, then.
You barely miss Duvessa. Duvessa hits you with a +0 short sword.
Dowan casts a spell at you. You resist with almost no effort.
The orc priest barely misses you. Duvessa closely misses you.
Dowan casts a spell at you. The puff of frost hits you.
The orc priest hits you with a +0 club. Duvessa hits you with a +0 short sword!
* * * LOW HITPOINT WARNING * * *
Okay, then.
It was a potion of degeneration.
There was something very wrong with that liquid.
You feel weakened.
You feel dopey.
You feel clumsy. Duvessa hits you with a +0 short sword!
You die...

#.......# #....<..#
#.......# #.......##
#........########
#...[...........#
#..e....#.......##
##.......#.........
.........@#.........
##########oe.o.......
###.g.....##
#.......# ####.####
.# o . #.


You could see Duvessa (fast), Dowan, an orc priest, a gnoll and an orc.

Vanquished Creatures
  Jessica (D:3)
  Natasha (D:3)
  A gnoll (D:2)
  3 adders (D:2)
  4 ribbon worms (D:2)
  A dart slug (D:2)
  An orc (D:3)
  9 ball pythons
  4 bats
  2 endoplasms
  A giant cockroach (D:4)
  A goblin (D:1)
  3 hobgoblins
  3 quokkas
  A frilled lizard (D:1)
  A kobold (D:3)
  5 rats
42 creatures vanquished.

Vanquished Creatures (collateral kills)
  2 gnolls (D:2)
  An adder (D:2)
  A dart slug (D:1)
  A ribbon worm (D:2)
  3 ball pythons (D:1)
  2 endoplasms (D:1)
  A giant cockroach (D:1)
  5 hobgoblins (D:1)
  2 kobolds (D:1)
  2 quokkas
  A frilled lizard (D:1)
  3 goblins
  A rat (D:1)
25 creatures vanquished.

Grand Total: 67 creatures vanquished

Notes
Turn   | Place    | Note
-------+----------+-------------------------------------------
     0 | D:1      | monsoonserge the Barachi Summoner began the quest for the
                  | Orb.
     0 | D:1      | Reached XP level 1. HP: 13/13 MP: 3/3
    29 | D:1      | Reached skill level 5 in Summonings
   188 | D:1      | Reached XP level 2. HP: 14/19 MP: 3/5
   588 | D:1      | Reached XP level 3. HP: 22/24 MP: 6/6
   994 | D:2      | Learned a level 3 spell: Call Canine Familiar
   998 | D:2      | Learned a level 3 spell: Summon Ice Beast
  1083 | D:2      | Reached skill level 1 in Short Blades
  1091 | D:2      | Reached XP level 4. HP: 27/31 MP: 8/8
  1117 | D:2      | Reached skill level 1 in Armour
  1183 | D:2      | Reached skill level 1 in Ice Magic
  1322 | D:2      | Found Besuelar's Armour Boutique.
  1478 | D:2      | Found the +5 Force Lance {heavy, knockback}
  1610 | D:2      | Reached XP level 5. HP: 30/36 MP: 9/9
  2059 | D:3      | Noticed Natasha
  2063 | D:3      | Killed Natasha
  2100 | D:3      | Noticed Jessica
  2106 | D:3      | Killed Jessica
  2107 | D:3      | Reached skill level 1 in Shields
  2115 | D:3      | Got Jessica's Compilation of the Tesseract
  2366 | D:3      | Identified the +7 ice dragon scales of the Tick {+Blink rF-
                  | rC++ Will+ Str-4}
  2483 | D:4      | Noticed an ogre
  2484 | D:4      | Noticed Eustachio
  2540 | D:4      | Noticed Dowan
  2541 | D:4      | Noticed Duvessa
  2552 | D:4      | Slain by Duvessa

Illustrated notes

Levels and vault maps discovered:
D:1:      minmay_arrival_floating_metal, layout_loops_ring,
          minmay_misc_feat_chi, hangedman_decor_slide_cut
D:2:      layout_loops_cross, serial_shops, nicolae_shop_tiny_waterfront,
          minmay_quadrilaterals
D:3:      layout_loops_ring, kennysheep_jessica_study, uniq_natasha
D:4:      layout_rooms, tso_oasis_becter, enter_ossuary_4, grunt_ministairs_3,
          uniq_duvessa, uniq_pikel, uniq_eustachio

Skill      XL: |  1  2  3  4  5 |
---------------+----------------+-----
Summonings     | 5 |  5.7
Short Blades   | 1 |  1.0
Armour         | 2 |  2.6
Ice Magic      | 1 |  1.9
Spellcasting   | 3 |  3.0
Shields        | 1 |  1.1
Fighting       | |  0.7
Long Blades    | |  0.5
Polearms       | |  0.3
Dodging        | |  2.5
Stealth        | |  1.9
Unarmed Combat | |  0.2

Action                     |  1- 3 |  4- 6 || total
---------------------------+-------+-------++-------
  Melee: Unarmed           |    19 |       ||    19
         Punch             |     1 |     1 ||     2
         Short sword       |    18 |       ||    18
         Long sword        |    12 |    27 ||    39
         Lance             |       |    57 ||    57
   Cast: Summon Small Mamm |    33 |     6 ||    39
         Call Canine Famil |     1 |     6 ||     7
Ability: Hop               |       |     1 ||     1
    Use: Potion            |       |     2 ||     2
   Stab: Sleeping          |       |     3 ||     3
         Distracted        |       |     1 ||     1
 Armour: Robe              |    10 |       ||    10
         Leather armour    |    23 |    54 ||    77
  Dodge: Dodged            |    27 |    54 ||    81
  Block: Buckler           |       |    10 ||    10

Table legend: (Time is in decaauts)
 A = Elapsed time spent in this place.
 B = Non-inter-level travel time spent in this place.
 C = Inter-level travel time spent in this place.
 D = Time resting spent in this place.
 E = Time spent auto-exploring this place.
 F = Levels seen in this place.
 G = Mean time per level.
                   A        B        C        D        E       F      G
               +--------+--------+--------+--------+--------+-----+--------+
         Total |   2992 |   2785 |    207 |     72 |   1551 |   4 |  748.0 |
       Dungeon |   2992 |   2785 |    207 |     72 |   1551 |   4 |  748.0 |
               +--------+--------+--------+--------+--------+-----+--------+

Top non-repeatable levels by time:
     D:1: 1126 daAuts
     D:2: 1080 daAuts
     D:3: 741 daAuts
     D:4: 44 daAuts
